 Dungeon Crawl Stone Soup version 0.28.0-1-gb440e238dd (webtiles) character file.

Game seed: 9848014769633758443

26 PieDemon the Covered (level 2, 18/24 HPs)
             Began as a Deep Dwarf Fighter on Feb 20, 2022.
             Was a Follower of Hepliaklqana.
             Quit the game on level 1 of the Dungeon.
             The game lasted 00:02:12 (449 turns).

PieDemon the Covered (Deep Dwarf Fighter)            Turns: 449, Time: 00:02:12

Health: 18/24      AC:  6    Str: 19    XL:     2   Next: 89%
Magic:  2/2        EV:  9    Int: 14    God:    Hepliaklqana [*.....]
Gold:   40         SH:  4    Dex: 12    Spells: 1/1 levels left

rFire   . . .      SeeInvis .   a - +0 war axe
rCold   . . .      Faith    .   c - +0 buckler
rNeg    . . .      Spirit   .   b - +0 scale mail
rPois   .          Reflect  .   (no helmet)
rElec   .          Harm     .   (no cloak)
rCorr   .          Rampage  .   (no gloves)
Will    .....                   (no boots)
Stlth   ..........              (no amulet)
HPRegen 0.00/turn               h - +6 ring of intelligence
MPRegen 0.08/turn               (no ring)

@: no status effects
A: reduced essence, damage resistance, heal wounds, sense surroundings 1, no
regeneration
a: Heal Wounds, Renounce Religion, Recall Ancestor, Ancestor Identity


You were on level 1 of the Dungeon.
You worshipped Hepliaklqana.
Hepliaklqana was aware of your devotion.
You visited 1 branch of the dungeon, and saw 1 of its levels.

You collected 40 gold pieces.

Inventory:

Hand Weapons
 a - a +0 war axe (weapon)
 e - a +0 hunting sling
Armour
 b - a +0 scale mail (worn)
 c - a +0 buckler (worn)
Jewellery
 h - a +6 ring of intelligence (left hand)
Scrolls
 f - a scroll of vulnerability {unknown}
 g - a scroll of magic mapping {unknown}
 i - a scroll of teleportation {unknown}
Potions
 d - a potion of might
 j - 2 potions of curing {unknown}
 k - a potion of lignification {unknown}


   Skills:
 + Level 2.9 Fighting
 * Level 2.9 Axes
 + Level 3.6 Armour
 + Level 3.5 Shields


You had one spell level left.
You didn't know any spells.
Your spell library was empty.

Dungeon Overview and Level Annotations

Branches:
Dungeon (1/15)

Altars:
Hepliaklqana


Innate Abilities, Weirdness & Mutations

Your life essence is reduced to manifest your ancestor. (-10% HP)
You are resistant to damage.
You can heal yourself by infusing magical energy.
You passively map a small area around you.
You do not regenerate.


Message History

The hobgoblin barely misses you.
You slash the hobgoblin!
You kill the hobgoblin!
The bat hits you but does no damage. The giant cockroach closely misses you.
You slash the giant cockroach!
You kill the giant cockroach!
The bat hits you but does no damage. The bat hits you.
You barely miss the bat. The bat hits you but does no damage.
The bat closely misses you. The bat misses you.
You miss the bat. The bat hits you. The bat barely misses you.
The bat barely misses you.
You closely miss the bat. The bat barely misses you.
You closely miss the bat. The bat hits you but does no damage.
You block the bat's attack.
You miss the bat. You block the bat's attack. The bat barely misses you.
The bat hits you but does no damage.
You hit the bat.
The bat is moderately wounded.
You block the bat's attack. The bat hits you but does no damage.
You hit the bat.
You kill the bat!
You see here a bat corpse.
k - a bubbling puce potion A rat comes into view.
Found a faded altar of an unknown god.
You hit the rat.
The rat is moderately wounded.
The rat closely misses you. The rat bites you but does no damage.
You slash the rat!
You kill the rat!
You see here a rat corpse.
There is a faded altar of an unknown god here.
You cannot tell which god this altar belongs to.
Convert to them anyway?
Hepliaklqana accepts your prayer! Hepliaklqana welcomes you!
Hepliaklqana forms a fragment of your life essence into the memory of your ancestor, Namzu!
You can now recall your ancestor.
You can now remember your ancestor's identity.
Are you sure you want to abandon this character and quit the game? (Confirm with "yes".)

#. * * ####### #.* *
* ......# #. #####.#
#. ......#
##.######### **
#####.# #..........#
#.########.#†######.#
.... #........ #.#
#.#####.... #..######
#@# #.....#.... ##..#
#.# #####.#....
####...####### #R#
#.#....
.............# #>#
#.#.#..
###..8..#.##.# #.#
######.#.##.
##.......#.#.# #.#
#........##.
#.........#..# #.#
#.###.......
.....8.....#.# #.#
#.# ##.####.
#....<.......###.#
###.# ### #..


You could see the friendly Namzu the ancestor.

Vanquished Creatures
  3 dart slugs (D:1)
  3 bats (D:1)
  2 endoplasms (D:1)
  A giant cockroach (D:1)
  3 goblins (D:1)
  2 hobgoblins (D:1)
  2 ball pythons (D:1)
  A kobold (D:1)
  3 rats (D:1)
20 creatures vanquished.

Notes
Turn   | Place    | Note
-------+----------+-------------------------------------------
     0 | D:1      | PieDemon the Deep Dwarf Fighter began the quest for the
                  | Orb.
     0 | D:1      | Reached XP level 1. HP: 20/20 MP: 1/1
    70 | D:1      | Reached XP level 2. HP: 27/27 MP: 2/2
   442 | D:1      | Found a faded altar of an unknown god.
   448 | D:1      | Prayed at the altar of an unknown god.
   448 | D:1      | Became a worshipper of Hepliaklqana the Forgotten
   448 | D:1      | Reached * piety under Hepliaklqana
   449 | D:1      | Quit the game

Illustrated notes

Levels and vault maps discovered:
D:1:      grunt_arrival_lava_bath, layout_loops_ring, basic_ecumenical_altar

Action                   || total
-------------------------++-------
Melee: War axe           ||    59
Armor: Scale mail        ||    30
Dodge: Dodged            ||    26
Block: Buckler           ||    10
